 Dungeon Sprint DCSS version 0.19-a0-49-gb8736b8 (webtiles) character file.

2526 FitzyFitz the Devastator (level 9, -7/67 HPs)
             Began as a Grey Draconian Conjurer on May 6, 2016.
             Was a High Priest of Vehumet.
             Mangled by a porcupine (15 damage)
             ... in the Dungeon (Sprint IX: "|||||||||||||||||||||||||||||").
             The game lasted 00:08:02 (1083 turns).

FitzyFitz the Devastator (Grey Draconian Conjurer)  Turns: 1083, Time: 00:08:02

Health: -7/67      AC: 19    Str: 11    XL:     9   Next: 29%
Magic:  25/25      EV: 12    Int: 21    God:    Vehumet [*****.]
Gold:   14         SH:  0    Dex: 15    Spells: 6 memorised, 17 levels left

rFire  . . .     SeeInvis .     n - +2 morningstar (protect)
rCold  . . .     Gourm    .     (armour unavailable)
rNeg   . . .     Faith    .     (no shield)
rPois  .         Spirit   .     (helmet restricted)
rElec  .         Dismiss  .     (no cloak)
rCorr  .         Reflect  .     r - +0 pair of gloves
SustAt .         Harm     .     q - +0 pair of boots
MR     .....     NoTele   +     (no amulet)
Stlth  ++........               t - +3 ring of dexterity
                                s - +3 ring of intelligence

@: very slightly contaminated, not resistant to hostile enchantments, unstealthy
A: walk through water, unfitting armour, unbreathing, cold-blooded, AC +12
a: Renounce Religion


You were in the Dungeon.
You worshipped Vehumet.
Vehumet was extremely pleased with you.
You were not hungry.

You visited 1 branch You collected 14 gold pieces.

Inventory:

Hand Weapons
 j - a +0 club
 n - a +2 morningstar of protection (weapon)
 o - a +2 rapier of protection
 p - a +4 quarterstaff of speed
Armour
 q - a +0 pair of boots (worn)
 r - a +0 pair of gloves (worn)
Magical Staves
 m - an uncursed staff of energy
Jewellery
 s - a +3 ring of intelligence (left hand)
 t - a +3 ring of dexterity (right hand)
Wands
 l - a wand of iceblast (7/15)
Scrolls
 h - 2 scrolls of blinking
 i - 4 scrolls of remove curse
 k - 2 scrolls of amnesia
 w - a scroll of identify
 x - a scroll of recharging
 y - a scroll of fog
 z - 2 scrolls of enchant armour
Potions
 c - 5 potions of curing
 d - 3 potions of heal wounds
 e - a potion of haste
 f - 3 potions of magic
 g - 2 potions of cure mutation
 u - 2 potions of might
 v - a potion of brilliance
Books
 a - a book of Conjurations

   Spells                             Type                      Level
   a - Magic Dart                     Conjuration                  1
   b - Searing Ray                    Conjuration                  2
   c - Dazzling Spray                 Conjuration/Hexes            3
   d - Fulminant Prism                Conjuration/Hexes            4
   e - Iskenderun's Mystic Blast      Conjuration                  4
   f - Iskenderun's Battlesphere      Conjuration/Charms           5
Comestibles
 b - a bread ration


   Skills:
 - Level 2.2 Fighting
 - Level 0.2 Maces & Flails
 - Level 1.7 Dodging
 - Level 1.7 Stealth
 - Level 1.1 Unarmed Combat
 + Level 12.6 Spellcasting
 + Level 15.8 Conjurations


You had 17 spell levels left.
You knew the following spells:

 Your Spells              Type           Power        Failure   Level  Hunger
a - Magic Dart            Conj           ####         0%          1    None
b - Searing Ray           Conj           ######       0%          2    None
c - Iskenderun's Mystic   Conj           ######..     1%          4    None
d - Shock                 Conj/Air       ####         1%          1    None
e - Dazzling Spray        Conj/Hex       #####.       1%          3    None
f - Iskenderun's Battles  Conj/Chrm      #####...     1%          5    ####...


Dungeon Overview and Level Annotations

Branches:
Dungeon (1/1)

Altars:
Cheibriados
Dithmenos
Elyvilon
Fedhas
Gozag
Kikubaaqudgha
Makhleb
Nemelex Xobeh
Okawaru
Pakellas
Qazlal
Ru
Sif Muna
Trog
Vehumet
Xom
Yredelemnul
Zin
The Shining One
Beogh
Jiyva
Lugonu


Innate Abilities, Weirdness & Mutations

You can walk through water.
Your dull iron-grey scales are very hard (AC +12).
Your body does not fit into most forms of armour.
You can survive without breathing.
You are cold-blooded and may be slowed by cold attacks.


Message History

You see here a +0 leather armour.
There is an open door to the Lair here.
You see here a crocodile corpse.
You butcher the crocodile corpse.
A - a chunk of flesh Eating a chunk of flesh.
This raw flesh tastes terrible.
You continue eating. x2
Eat which item? (? for menu, Esc to quit)
Okay, then.
Unknown command.
Unknown command.
A porcupine comes into view.
The porcupine misses you.
You barely miss the porcupine.
Your tail-slap misses the porcupine.
The porcupine bites you!
* * * LOW HITPOINT WARNING * * *
You are struck by the porcupine's spines.
* * * LOW HITPOINT WARNING * * *
You closely miss the porcupine. The porcupine bites you!
You die...

▓▓▓▓▓▓▓▓▓▓▓▓▓▓▓▓▓▓▓▓▓▓▓▓▓▓▓▓▓▓▓▓▓
.....'______________________'..))
▓▓▓▓▓▓▓▓▓▓▓▓▓▓▓▓▓▓▓▓▓▓▓▓▓▓▓▓▓▓▓▓▓
.................................
▓▓▓▓▓▓▓▓▓▓▓▓▓▓▓▓▓▓▓▓▓▓▓▓▓▓▓▓▓▓▓▓▓
..[.......'.....@r..+
▓▓▓▓▓▓▓▓▓▓▓▓▓▓▓▓▓▓▓▓▓


You could see a porcupine.

Vanquished Creatures
  A spiny frog (D)
  A komodo dragon (D)
  A troll (shapeshifter) (D)
  A two-headed ogre (D)
  A blink frog (D)
  A wraith (D)
  A basilisk (D)
  A yak (D)
  A hippogriff (D)
  A water moccasin (D)
  A black bear (D)
  A sky beast (D)
  2 ogres (D)
  2 crocodiles (D)
  3 giant frogs (D)
  A wight (D)
  A worm (D)
  An orc (D)
  A bat (D)
  2 hobgoblins (D)
  A quokka (D)
  A ball python (D)
  A giant newt (D)
  A quokka zombie (D)
  A rat (D)
30 creatures vanquished.

Notes
Turn   | Place    | Note
--------------------------------------------------------------
     0 | D        | FitzyFitz the Draconian Conjurer began the quest for the Orb.
     0 | D        | Reached XP level 1. HP: 14/14 MP: 3/3
    18 | D        | Reached skill level 5 in Conjurations
   160 | D        | Noticed an ogre
   172 | D        | Killed an ogre
   172 | D        | Reached skill level 1 in Unarmed Combat
   172 | D        | Reached skill level 9 in Conjurations
   172 | D        | Reached XP level 2. HP: 11/24 MP: 3/5
   172 | D        | Reached XP level 3. HP: 13/29 MP: 3/6
   172 | D        | Reached XP level 4. HP: 17/36 MP: 3/7
   436 | D        | Learned a level 2 spell: Searing Ray
   441 | D        | Learned a level 4 spell: Iskenderun's Mystic Blast
   445 | D        | Found a glowing silver altar of Zin.
   445 | D        | Found a glowing golden altar of the Shining One.
   445 | D        | Found an ancient bone altar of Kikubaaqudgha.
   445 | D        | Found a basalt altar of Yredelemnul.
   445 | D        | Found a shimmering altar of Xom.
   445 | D        | Found a radiant altar of Vehumet.
   446 | D        | Found an iron altar of Okawaru.
   447 | D        | Found a burning altar of Makhleb.
   448 | D        | Found a deep blue altar of Sif Muna.
   449 | D        | Found a bloodstained altar of Trog.
   450 | D        | Found a sparkling altar of Nemelex Xobeh.
   451 | D        | Found a white marble altar of Elyvilon.
   452 | D        | Found a roughly hewn altar of Beogh.
   453 | D        | Found a viscous altar of Jiyva.
   454 | D        | Found a corrupted altar of Lugonu.
   455 | D        | Found a blossoming altar of Fedhas.
   456 | D        | Found a snail-covered altar of Cheibriados.
   457 | D        | Found a shadowy altar of Dithmenos.
   458 | D        | Found a stormy altar of Qazlal.
   459 | D        | Found an opulent altar of Gozag.
   460 | D        | Found a sacrificial altar of Ru.
   461 | D        | Found an oddly glowing altar of Pakellas.
   477 | D        | Became a worshipper of Vehumet
   527 | D        | Noticed a black bear
   527 | D        | Noticed an ogre
   527 | D        | Noticed a hippogriff
   527 | D        | Noticed a giant frog
   539 | D        | Reached XP level 5. HP: 27/41 MP: 1/10
   557 | D        | Killed a black bear
   557 | D        | Reached skill level 5 in Spellcasting
   557 | D        | Reached skill level 10 in Conjurations
   564 | D        | Reached * piety under Vehumet
   564 | D        | Offered knowledge of Shock by Vehumet.
   579 | D        | Killed an ogre
   579 | D        | Reached skill level 11 in Conjurations
   579 | D        | Reached XP level 6. HP: 35/48 MP: 3/15
   590 | D        | Killed a hippogriff
   590 | D        | Reached skill level 12 in Conjurations
   595 | D        | Reached ** piety under Vehumet
   749 | D        | Learned a level 1 spell: Shock
   753 | D        | Learned a level 3 spell: Dazzling Spray
   753 | D        | Noticed a troll
   753 | D        | Noticed a two-headed ogre
   753 | D        | Noticed a yak
   753 | D        | Noticed a sky beast
   753 | D        | Noticed a wraith
   761 | D        | Offered knowledge of Freeze by Vehumet.
   761 | D        | Your scales start taking on a dull iron-grey colour.
   761 | D        | Reached XP level 7. HP: 54/55 MP: 8/18
   761 | D        | Gained mutation: You can survive without breathing. [Grey Draconian growth]
   763 | D        | Killed a troll
   763 | D        | Reached skill level 13 in Conjurations
   765 | D        | Killed a two-headed ogre
   765 | D        | Reached skill level 10 in Spellcasting
   768 | D        | Killed a yak
   768 | D        | Reached *** piety under Vehumet
   768 | D        | Reached XP level 8. HP: 49/61 MP: 5/22
   783 | D        | Reached skill level 14 in Conjurations
   914 | D        | Learned a level 5 spell: Iskenderun's Battlesphere
  1022 | D        | Noticed a komodo dragon
  1022 | D        | Noticed a spiny frog
  1022 | D        | Noticed a blink frog
  1031 | D        | Offered knowledge of Stone Arrow by Vehumet.
  1033 | D        | Reached **** piety under Vehumet
  1048 | D        | Killed a komodo dragon
  1048 | D        | Reached skill level 15 in Conjurations
  1053 | D        | Reached XP level 9. HP: 17/67 MP: 22/25
  1054 | D        | Killed a spiny frog
  1054 | D        | Reached ***** piety under Vehumet
  1083 | D        | Mangled by a porcupine

Vault maps used:
D:        linesprint

Skill      XL: |  1  2  3  4  5  6  7  8 |
---------------+-------------------------+-----
Conjurations   | 9 11 12 13 15 | 15.8
Fighting       | 2 |  2.2
Unarmed Combat | 1 |  1.1
Spellcasting   | 3 6 8 10 12 | 12.6
Maces & Flails | |  0.2
Dodging        | |  1.7
Stealth        | |  1.7

Action                   |  1- 3 |  4- 6 |  7- 9 || total
-------------------------+-------+-------+-------++-------
Melee: Unarmed           |    28 |       |       ||    28
       Tailslap          |     8 |     5 |     2 ||    15
       Club              |     6 |    39 |       ||    45
       Morningstar       |       |     9 |    22 ||    31
 Cast: Magic Dart        |     2 |     8 |     8 ||    18
       Searing Ray       |       |     4 |       ||     4
       Shock             |       |     6 |    15 ||    21
       Dazzling Spray    |       |     1 |     8 ||     9
       Iskenderun's Myst |       |       |     3 ||     3
       Iskenderun's Batt |       |       |     1 ||     1
  Use: Potion            |     1 |     3 |     1 ||     5
       Scroll            |       |       |     1 ||     1
 Stab: Invisible         |       |     3 |     1 ||     4
  Eat: Chunk             |       |     1 |     1 ||     2
Armor: Skin              |     5 |    19 |    24 ||    48
Dodge: Dodged            |    21 |    52 |    18 ||    91
